 Dungeon Crawl Stone Soup version 0.21.1-1-g345015f (webtiles) character file.

638 teukkam the Skirmisher (level 7, 0/62 HPs)
             Began as a Minotaur Fighter on Feb 22, 2018.
             Slain by an orc wizard
             ... wielding a +0 dagger
              (1 damage)
             ... on level 4 of the Dungeon.
             The game lasted 00:10:17 (2705 turns).

teukkam the Skirmisher (Minotaur Fighter)           Turns: 2705, Time: 00:10:18

Health: 0/62       AC:  7    Str: 23    XL:     7   Next: 25%
Magic:  6/6        EV:  8    Int:  5    God:
Gold:   152        SH: 10    Dex:  9    Spells: 6/6 levels left

rFire    . . .     SeeInvis .   a - +0 war axe
rCold    . . .     Gourm    .   c - +0 shield
rNeg     . . .     Faith    .   b - +0 scale mail
rPois    .         Spirit   .   (helmet restricted)
rElec    .         Reflect  .   (no cloak)
rCorr    .         Harm     .   (no gloves)
MR       .....                  (no boots)
Stlth    ..........             (no amulet)
HPRegen  0.20/turn              (no ring)
MPRegen  0.10/turn              (no ring)

@: flying
A: retaliatory headbutt, horns 2
a: no special abilities


You were on level 4 of the Dungeon.
You were not hungry.

You visited 1 branch of the dungeon, and saw 5 of its levels.

You collected 152 gold pieces.

Inventory:

Hand Weapons
 a - a +0 war axe (weapon)
 l - a +0 dagger of holy wrath
Missiles
 d - 17 arrows
 g - 7 tomahawks of dispersal (quivered)
 s - 12 poisoned needles
 t - a throwing net
Armour
 b - a +0 scale mail (worn)
 c - a +0 shield (worn)
Jewellery
 r - an uncursed ring of magical power {unknown}
Wands
 n - a wand of flame (28)
Scrolls
 e - 2 scrolls of teleportation
 i - 2 scrolls of blinking {unknown}
 j - a scroll of enchant armour {unknown}
 k - 3 scrolls of remove curse {unknown}
 m - 4 scrolls of identify {unknown}
 o - a scroll of enchant weapon {unknown}
Potions
 p - a potion of heal wounds {unknown}
 q - a potion of magic
Comestibles
 f - 7 rations
 u - 3 chunks of flesh


   Skills:
 + Level 5.9 Fighting
 + Level 5.2 Axes
 + Level 5.9 Armour
 + Level 5.9 Shields


You had 6 spell levels left.
You didn't know any spells.

Dungeon Overview and Level Annotations

Branches:
Dungeon (5/15)
 Temple: D:4-7

Altars:
Elyvilon
Fedhas
Gozag
The Shining One


Innate Abilities, Weirdness & Mutations

You reflexively headbutt those who attack you in melee.
You have a pair of horns on your head.


Message History

You barely miss something. Your headbutt misses something. Something hits you.
You closely miss something. Something hits you.
You slash something!
You hear some strange, mumbled words.
A magic dart appears from out of thin air!
The magic dart hits you!
* * * LOW HITPOINT WARNING * * *
You hear some strange, mumbled words.
A magic dart appears from out of thin air!
The magic dart hits you!
* * * LOW HITPOINT WARNING * * *
You closely miss something. Your headbutt misses something.
You hear some strange, mumbled words.
A magic dart appears from out of thin air!
The magic dart hits you!
* * * LOW HITPOINT WARNING * * *
It was a potion of flight.
You feel very buoyant.
You fly up into the air.
Something hits you.
You die...

#.....# ......# ###
.....##
>...#####.....#
.............####
#............# ..#
#.#.##>#.###.
#....####.#.##.#.## #
#......@)...##....##.#
#....####.####..#....#
#.. #.# ##...#..# .
#.# ##.##..#
#.######.##..#
##...........#
#######.##.## # #....#
... ###..#


There were no monsters in sight!

Vanquished Creatures
  The ghost of Sempronis the Ruffian, an amateur TrBe of Trog (D:4)
  An ogre (D:4)
  A centaur (D:4)
  A gnoll shaman (D:4)
  An iguana (D:4)
  A killer bee zombie (D:2)
  4 gnolls (D:4)
  3 adders
  2 worms
  4 dart slugs
  5 leopard geckos
  13 orcs
  9 bats
  9 giant cockroaches
  5 goblins (D:2)
  6 hobgoblins
  A quokka (D:4)
  2 frilled lizards
  6 kobolds
  10 rats
85 creatures vanquished.

Vanquished Creatures (others)
  2 bushes (D:4)
2 creatures vanquished.

Grand Total: 87 creatures vanquished

Notes
Turn   | Place    | Note
-------+----------+-------------------------------------------
     0 | D:1      | teukkam the Minotaur Fighter began the quest for the Orb.
     0 | D:1      | Reached XP level 1. HP: 19/19 MP: 0/0
   109 | D:1      | Reached XP level 2. HP: 24/27 MP: 1/1
   542 | D:1      | Reached XP level 3. HP: 31/33 MP: 2/2
  1077 | D:2      | Found a white marble altar of Elyvilon.
  1212 | D:2      | Reached XP level 4. HP: 32/41 MP: 3/3
  1640 | D:4      | Reached XP level 5. HP: 29/47 MP: 4/4
  1783 | D:4      | Noticed an ogre
  1934 | D:3      | Found an opulent altar of Gozag.
  2048 | D:4      | Noticed Sempronis's ghost (amateur TrBe)
  2049 | D:4      | Noticed a centaur
  2050 | D:4      | Killed an ogre
  2050 | D:4      | Reached skill level 5 in Fighting
  2050 | D:4      | Reached skill level 5 in Armour
  2050 | D:4      | Reached skill level 5 in Shields
  2051 | D:4      | Reached XP level 6. HP: 12/56 MP: 5/5
  2078 | D:4      | Killed Sempronis's ghost
  2078 | D:4      | Reached skill level 5 in Axes
  2082 | D:4      | Reached XP level 7. HP: 10/62 MP: 6/6
  2382 | D:4      | Found a blossoming altar of Fedhas.
  2472 | D:5      | Entered Level 5 of the Dungeon
  2505 | D:4      | Found a glowing golden altar of the Shining One.
  2704 | D:4      | HP: 1/62 [something/magic dart (7)]
  2705 | D:4      | Slain by an orc wizard

Skill      XL: |  1  2  3  4  5  6 |
---------------+-------------------+-----
Fighting       | 4 5 |  5.9
Shields        | 4 5 |  5.9
Armour         | 4 5 |  5.9
Axes           | 3 4 5 |  5.2

Action                   |  1- 3 |  4- 6 |  7- 9 || total
-------------------------+-------+-------+-------++-------
Melee: War axe           |   102 |    94 |    41 ||   237
       Headbutt          |    10 |    10 |     6 ||    26
Throw: Throwing net      |       |     1 |       ||     1
  Use: Potion            |       |     5 |     1 ||     6
       Scroll            |       |     1 |       ||     1
  Eat: Chunk             |     1 |     2 |       ||     3
       Ration            |       |     1 |       ||     1
Armor: Scale mail        |    39 |    26 |    12 ||    77
       Skin              |       |    15 |       ||    15
Dodge: Dodged            |    36 |    20 |     7 ||    63
Block: Shield            |    59 |    55 |    10 ||   124
